 Dungeon Crawl Stone Soup version 0.21.0-25-ge575cb9 (webtiles) character file.

163587 Inarius the Gelid (level 17, -11/122 HPs)
             Began as a Grey Draconian Ice Elementalist on Jan 24, 2018.
             Was the Champion of Nemelex Xobeh.
             Mangled by an Executioner (22 damage)
             ... summoned by a deep elf demonologist
             ... on level 2 of the Elven Halls on Jan 26, 2018.
             The game lasted 03:15:22 (51232 turns).

Inarius the Gelid (DrIE)                           Turns: 51232, Time: 03:15:23

Health: -11/122    AC: 20    Str: 14    XL:     17   Next: 24%
Magic:  28/31      EV: 13    Int: 34    God:    Nemelex Xobeh [******]
Gold:   2894       SH:  8    Dex: 12    Spells: 23/36 levels left

rFire    x . .     SeeInvis .   p - +7 long sword of Taxation {drain, rC- Int+10}
rCold    . . .     Gourm    .   X - +0 shield
rNeg     . . .     Faith    +   (armour unavailable)
rPois    .         Spirit   .   C - +2 hat {Int+3}
rElec    .         Reflect  .   Z - +0 cloak
rCorr    .         Harm     .   d - +1 pair of gloves
MR       ++...                  J - +0 pair of boots
Stlth    ++........             E - amulet of faith
HPRegen  0.30/turn              V - ring of protection from magic
MPRegen  0.22/turn              A - ring of ice

@: very slightly contaminated
A: walk through water, unfitting armour, horns 1, frail 1, strong 1,
unbreathing, cold-blooded, AC +14
a: Triple Draw, Deal Four, Stack Five, Renounce Religion


You were on level 2 of the Elven Halls.
You worshipped Nemelex Xobeh.
Nemelex Xobeh was exalted by your worship.
You were not hungry.

You visited 6 branches of the dungeon, and saw 29 of its levels.
You also visited: Sewer, Ice Cave and Volcano.

You collected 3298 gold pieces.
You spent 404 gold pieces at shops.

Inventory:

Hand Weapons
 p - the +7 long sword of Taxation (weapon) {drain, rC- Int+10}
   (You found it on level 3 of the Spider Nest)

   A truly terrible weapon, it drains the life of those it strikes.
   It affects your intelligence (+10).
   It makes you vulnerable to cold.
 P - a +4 demon blade of flaming
Armour
 d - a +1 pair of gloves (worn)
 C - a +2 hat of intelligence (worn)
 J - a +0 pair of boots (worn)
 X - a +0 shield (worn)
 Z - a +0 cloak (worn)
Jewellery
 l - an uncursed ring of see invisible
 r - an uncursed ring of protection from fire
 A - a ring of ice (right hand)
 B - an uncursed ring of poison resistance
 E - an amulet of faith (around neck)
 G - an uncursed ring of protection from cold
 U - an uncursed ring of ice
 V - a ring of protection from magic (left hand)
Wands
 j - a wand of digging (17)
Scrolls
 e - 6 scrolls of enchant armour
 f - 2 scrolls of immolation
 g - 13 scrolls of remove curse
 t - a scroll of magic mapping
 w - a scroll of fear
 H - 8 scrolls of teleportation
 K - 6 scrolls of identify
 Q - a scroll of fog
Potions
 h - a potion of cancellation
 m - 2 potions of magic
 o - 6 potions of curing
 q - 3 potions of berserk rage
 s - 4 potions of might
 u - a potion of haste
 v - 10 potions of brilliance
 x - 5 potions of flight
 z - 2 potions of agility
 I - 2 potions of mutation
 S - a potion of invisibility
Miscellaneous
 c - a legendary deck of escape {drawn: 5}
 i - a legendary deck of escape
 k - an ornate deck of summoning {drawn: 6}
 n - an ornate deck of destruction
 y - an ornate deck of destruction
 F - an ornate deck of summoning
 L - a legendary deck of destruction
 M - an ornate deck of summoning
 N - a legendary deck of destruction
 R - a legendary deck of summoning {drawn: 3}
 T - a legendary deck of escape
 Y - a legendary deck of summoning {drawn: 3}
Comestibles
 b - 35 rations


   Skills:
 - Level 8.6 Fighting
   Level 0.2 Short Blades
 + Level 6.1 Dodging
 - Level 1.7 Stealth
 + Level 3.5 Shields
 - Level 10.1 Spellcasting
 * Level 15.1 Conjurations
 + Level 2.7 Charms
 - Level 4.0 Summonings
 * Level 18.9 Ice Magic
 * Level 12.4 Invocations


You had 23 spell levels left.
You knew the following spells:

 Your Spells              Type           Power        Failure   Level  Hunger
b - Ozocubu's Armour      Chrm/Ice       #######.     1%          3    None
c - Throw Icicle          Conj/Ice       ########     1%          4    None
d - Summon Ice Beast      Ice/Summ       #######.     1%          4    None
e - Swiftness             Chrm/Air       ####....     10%         2    None


Dungeon Overview and Level Annotations

Branches:
Dungeon (15/15)            Temple (1/1) D:5            Lair (6/6) D:8
 Shoals (0/4) Lair:4       Spider (3/4) Lair:2        Slime (0/5) Lair:6
    Orc (2/2) D:12            Elf (2/3) Orc:2        Vaults (0/5) D:14
 Depths (0/5) D:15

Altars:
Ashenzari
Cheibriados
Dithmenos
Elyvilon
Fedhas
Gozag
Hepliaklqana
Kikubaaqudgha
Makhleb
Nemelex Xobeh
Okawaru
Qazlal
Ru
Sif Muna
Trog
Uskayaw
Vehumet
Wu Jian
Xom
Yredelemnul
Zin
The Shining One
Beogh
Jiyva

Shops:
D:12 ([   Orc:2 ?([*   Elf:1 :

Annotations:
D:4 qeurul's ghost, novice TrMo
Elf:2 exclusion: Roxanne, Roxanne


Innate Abilities, Weirdness & Mutations

You can walk through water.
Your dull iron-grey scales are very hard. (AC +14)
You cannot fit into any form of body armour.
You can survive without breathing.
You are cold-blooded and may be slowed by cold attacks.
You have a pair of small horns on your head.
You are frail. (-10% HP)
Your muscles are strong. (Str +2)


Message History

The Executioner hits you but does no damage.
You swap places.
The Executioner hits your ice beast! The Executioner misses your ice beast.
The Executioner hits your ice beast. The Executioner hits your ice beast!!
The Executioner hits your ice beast but does no damage.
The Executioner closely misses your ice beast.
The Executioner hits your ice beast! The Executioner hits your ice beast. x2
Your ice beast dies!
Okay, then.
Unknown command.
Blink to where?
Press: ? - help, Dir - move target cursor You are very lightly contaminated with residual magic.
As you read the scroll of blinking, it crumbles to dust.
You hear a grinding noise.
There is an open door here.
You hear a grinding noise.
The Executioner hits you!!
You die...
Your body disappears without a glow.

####)###<..####.##
#.# #...## #####
##.# ## #.#
##...## ##'#.##
#.# #.....#
##..<## #.#
##.).## ##....}#
#.# ##'...#
##'#.....# #.#
##.##'##
##.###..8.# #.#
#.###.# ##.##
....# .## #.#
######@## ##..# ##
#.# ##...#1## #.
#.# #.....## #.#
#.....# #:#
#.....####### #(#
##....'...... #[#
##'#'#########
###'###.##y#
##..)..'###ยง#


You could see an Executioner and a hornet.

Vanquished Creatures
  A deep elf elementalist (Elf:2)
  An emperor scorpion (Lair:2)
  An entropy weaver (Spider:2)
  A deep elf death mage (Elf:1)
  A fire dragon (D:15)
  A great orb of eyes (D:14)
  6 hydras
  An ice dragon (D:15)
  2 catoblepae
  6 vault guards (D:14)
  Erica (D:9)
  8 dancing weapons
  3 tengu warriors
  6 two-headed ogres
  3 centaur warriors
  A deep troll shaman (Lair:6)
  A queen ant (shapeshifter) (Elf:1)
  5 death yaks
  3 orc high priests (Orc:2)
  A shock serpent (Elf:1)
  6 deep elf knights
  The ghost of wojtek the Cleaver, a novice MiFi (D:8)
  An unseen horror (D:14)
  4 lindwurms
  Pikel (D:7)
  5 orc knights
  9 deep elf archers
  A wolf spider zombie (D:14)
  13 wolf spiders
  7 orb spiders
  7 orc sorcerers
  40 deep elf magi
  7 cyclopes
  5 manticores
  3 moths of wrath (Spider:3)
  8 black mambas
  8 elephants
  14 spiny frogs
  4 torpor snails
  3 gargoyles
  An efreet (D:13)
  6 komodo dragons
  2 anaconda simulacra (IceCv)
  4 demonic crawlers
  3 ice devils (IceCv)
  3 freezing wraiths (IceCv)
  2 tengu conjurers
  19 jumping spiders
  A queen bee (Spider:3)
  5 polar bears
  A meliai (shapeshifter) (Elf:1)
  3 meliai (Spider:3)
  4 trolls
  4 hornets
  9 hippogriffs
  A dream sheep (Spider:1)
  3 blink frogs
  3 centaur simulacra
  A vampire (D:10)
  A shadow (D:13)
  5 wraiths
  18 yaks
  25 redbacks
  2 water elementals (Elf:1)
  2 air elementals
  A dire elephant simulacrum (IceCv)
  10 tarantellas
  2 wyverns
  Grum (Lair:1)
  3 basilisks
  A human (D:15)
  3 fire bats (Volcano)
  2 vampire mosquitoes
  5 hungry ghosts
  3 fire elementals
  3 steam dragons
  A death yak simulacrum (IceCv)
  A redback simulacrum (D:15)
  2 wargs
  An iron troll simulacrum (IceCv)
  2 harpy simulacra (IceCv)
  3 hydra simulacra (IceCv)
  15 water moccasins
  2 hell hounds (Volcano)
  9 porcupines
  4 slaves
  20 orc warriors
  2 black bears
  An eye of draining (D:14)
  An ice beast (D:12)
  4 sky beasts
  11 ogres
  An alligator simulacrum (IceCv)
  An ettin simulacrum (IceCv)
  A necrophage (D:10)
  A boggart (D:9)
  23 wolves
  4 phantoms
  9 centaurs
  4 crocodiles
  3 big kobolds
  17 bullfrogs
  A gnoll sergeant (D:8)
  An earth elemental (Elf:2)
  A wyvern skeleton (D:15)
  6 scorpions
  A water moccasin skeleton (D:10)
  An elephant simulacrum (IceCv)
  4 wights
  23 killer bees
  4 howler monkeys
  4 electric eels (D:10)
  8 crimson imps
  2 centaur zombies
  2 draconian simulacra (IceCv)
  3 bullfrog skeletons
  3 bullfrog zombies
  8 hounds
  3 jellies
  2 quasits
  15 orc priests
  4 centaur skeletons
  A gnoll shaman (D:6)
  2 human zombies (D:9)
  3 iguanas
  19 orc wizards
  Terence (D:3)
  A spriggan simulacrum (IceCv)
  13 worker ants
  4 troll simulacra (IceCv)
  An ogre zombie (D:9)
  A mummy (D:9)
  3 howler monkey skeletons
  A worker ant zombie (D:9)
  9 gnolls
  15 adders
  An ogre simulacrum (IceCv)
  4 river rats (Sewer)
  A naga simulacrum (IceCv)
  6 shadow imps
  4 white imps (IceCv)
  5 ufetubi (IceCv)
  2 oozes
  2 adder zombies
  4 adder skeletons
  A worm (D:3)
  3 dart slugs
  8 leopard geckos
  91 orcs
  3 giant cockroaches
  6 goblins
  5 hobgoblins
  5 jackals
  4 quokkas
  10 ball pythons
  11 bats
  6 frilled lizards
  29 kobolds
  A leopard gecko skeleton (D:8)
  25 rats
  A plant (Lair:2)
913 creatures vanquished.

Vanquished Creatures (collateral kills)
  Arachne (Spider:2)
  An Ice Fiend (IceCv)
  Gastronok (D:8)
  An orc warlord (Orc:1)
  Louise (Spider:1)
  Azrael (Elf:1)
  A fire dragon (Volcano)
  Harold (D:11)
  The ghost of Rhok the Brawler, a journeyman DrBe of Trog (D:11)
  A deep elf high priest (Elf:1)
  A vault guard (D:14)
  A catoblepas (Lair:5)
  2 hydras
  A two-headed ogre (D:13)
  A dancing weapon (Elf:1)
  3 death yaks
  3 tengu warriors
  A deep elf knight (Elf:1)
  A deep elf archer (Elf:1)
  An orange crystal statue (D:9)
  An orc knight (Orc:2)
  3 deep elf magi (Elf:1)
  3 orb spiders
  2 wolf spiders
  An oklob plant (Lair:4)
  An ugly thing (D:9)
  3 elephants (Lair:6)
  An ice statue (IceCv)
  2 centaur skeletons
  2 komodo dragons (Lair:5)
  A gargoyle (D:8)
  A freezing wraith (IceCv)
  2 rime drakes
  4 ice devils (IceCv)
  An anaconda simulacrum (IceCv)
  2 jumping spiders (Spider:2)
  6 blink frogs
  A hippogriff (Lair:6)
  An air elemental (Elf:1)
  3 tarantellas (Spider:2)
  A dire elephant simulacrum (IceCv)
  14 redbacks (Spider:2)
  12 yaks
  A fire elemental (Elf:1)
  A wyvern (Lair:1)
  3 hungry ghosts
  3 harpy simulacra (IceCv)
  Duvessa (D:7)
  4 hell hounds (Elf:1)
  2 water moccasins
  6 orc warriors
  A porcupine (Lair:5)
  A necrophage (D:7)
  An ogre (D:7)
  2 crocodiles (Lair:6)
  2 bullfrogs
  Dowan (D:7)
  2 killer bees
  3 wights (D:9)
  3 howler monkeys
  A human zombie (D:9)
  A quasit (D:10)
  A jelly (D:9)
  An orc priest (D:7)
  A hound (D:9)
  5 orc wizards
  2 iguanas (D:7)
  An ogre skeleton (D:9)
  A mummy (D:9)
  A leopard gecko (D:9)
  19 orcs
  An orc skeleton (D:9)
165 creatures vanquished.

Vanquished Creatures (others)
  Asterion (Elf:1)
  A deep elf mage (Elf:1)
  A jumping spider (Spider:3)
  2 hell hounds (Elf:1)
  2 orc warriors (Orc:2)
  A scorpion (D:14)
  An orc priest (Orc:2)
  2 orc wizards (Orc:2)
  2 white imps (IceCv)
  3 orcs
  A bush (Elf:2)
  14 fungi
  A plant (Lair:5)
32 creatures vanquished.

Grand Total: 1110 creatures vanquished

Notes
Turn   | Place    | Note
-------+----------+-------------------------------------------
     0 | D:1      | Inarius the Draconian Ice Elementalist began the quest for the Orb.
     0 | D:1      | Reached XP level 1. HP: 14/14 MP: 3/3
   162 | D:1      | Reached XP level 2. HP: 13/20 MP: 5/5
   635 | D:2      | Reached XP level 3. HP: 23/26 MP: 2/6
   715 | D:2      | Reached skill level 4 in Ice Magic
   950 | D:2      | Reached XP level 4. HP: 32/33 MP: 4/7
  1863 | D:3      | Reached XP level 5. HP: 39/39 MP: 7/9
  1867 | D:3      | Found an ornate altar of the Wu Jian Council.
  1977 | D:3      | Learned a level 3 spell: Ozocubu's Armour
  2059 | D:3      | Noticed Terence
  2147 | D:3      | Killed Terence
  2147 | D:3      | Reached skill level 5 in Ice Magic
  2517 | D:3      | Learned a level 4 spell: Throw Icicle
  2601 | D:4      | Noticed a phantom
  2615 | D:4      | Killed a phantom
  2615 | D:4      | Reached skill level 1 in Fighting
  2615 | D:4      | Reached XP level 6. HP: 23/47 MP: 10/10
  2646 | D:4      | Noticed qeurul's ghost (novice TrMo)
  2916 | D:4      | Found a glowing drain.
  2927 | Sewer    | Entered a sewer
  3480 | Sewer    | Reached skill level 6 in Ice Magic
  3889 | D:4      | Your scales start taking on a dull iron-grey colour.
  3889 | D:4      | Reached XP level 7. HP: 50/52 MP: 8/12
  3889 | D:4      | Gained mutation: You can survive without breathing. [Grey Draconian growth]
  4256 | D:4      | HP: 1/53 [ogre/giant club (23)]
  4405 | D:4      | Reached skill level 1 in Charms
  4618 | D:5      | Entered Level 5 of the Dungeon
  4729 | D:5      | Reached skill level 7 in Ice Magic
  4912 | D:5      | Reached XP level 8. HP: 60/61 MP: 10/15
  5606 | D:5      | Found a staircase to the Ecumenical Temple.
  5731 | D:5      | Reached skill level 5 in Spellcasting
  5744 | Temple   | Entered the Ecumenical Temple
  5905 | Temple   | Became a worshipper of Nemelex Xobeh the Trickster
  5956 | D:6      | Received a gift from Nemelex Xobeh
  5964 | D:6      | Found a radiant altar of Vehumet.
  6014 | D:6      | Reached skill level 8 in Ice Magic
  6067 | D:6      | Reached skill level 1 in Invocations
  6334 | D:6      | Learned a level 4 spell: Summon Ice Beast
  6927 | D:7      | Reached XP level 9. HP: 62/68 MP: 16/16
  6945 | D:7      | Reached skill level 9 in Ice Magic
  7219 | D:7      | Noticed Pikel
  7298 | D:7      | Killed Pikel
  8051 | D:7      | Reached * piety under Nemelex Xobeh
  8056 | D:7      | Found a runed door.
  8120 | D:7      | Received a gift from Nemelex Xobeh
  8140 | D:7      | Reached skill level 1 in Summonings
  8339 | D:7      | Noticed Duvessa
  8339 | D:7      | Noticed Dowan
  8345 | D:7      | Killed Duvessa
  8347 | D:7      | Killed Dowan
  8353 | D:7      | Reached skill level 5 in Dodging
  8366 | D:7      | Reached skill level 10 in Ice Magic
  8432 | D:7      | Found a roughly hewn altar of Beogh.
  8530 | D:8      | Found a staircase to the Lair.
  8653 | D:8      | Noticed a two-headed ogre
  8939 | D:7      | Killed a two-headed ogre
  8939 | D:7      | Reached XP level 10. HP: 40/78 MP: 5/17
  8979 | D:8      | Noticed Gastronok
  8979 | D:8      | Noticed a two-headed ogre
  8980 | D:8      | Noticed wojtek's ghost (novice MiFi)
  9222 | D:8      | Killed a two-headed ogre
  9329 | D:8      | Killed Gastronok
  9354 | D:8      | Gained mutation: Your magical capacity is low. (-10% MP) [potion of mutation]
  9354 | D:8      | Gained mutation: Your spells are a little easier to cast, but a little less powerful. [potion of mutation]
  9354 | D:8      | Gained mutation: You are clumsy. (Dex -2) [potion of mutation]
  9354 | D:8      | Gained mutation: You evolve. [potion of mutation]
  9355 | D:8      | Lost mutation: You evolve. [potion of mutation]
  9355 | D:8      | Lost mutation: You are clumsy. (Dex -2) [potion of mutation]
  9355 | D:8      | Lost mutation: Your magical capacity is low. (-10% MP) [potion of mutation]
  9355 | D:8      | Lost mutation: Your spells are a little easier to cast, but a little less powerful. [potion of mutation]
  9355 | D:8      | Gained mutation: You have a pair of small horns on your head. [potion of mutation]
  9355 | D:8      | Gained mutation: Your muscles are strong. (Str +2) [potion of mutation]
  9452 | D:8      | Noticed a gargoyle
  9464 | D:8      | Killed a gargoyle
  9477 | D:8      | Reached skill level 5 in Conjurations
  9598 | D:9      | Reached skill level 5 in Invocations
  9659 | D:8      | Reached skill level 11 in Ice Magic
  9915 | D:9      | Noticed a tengu warrior
  9943 | D:8      | Killed a tengu warrior
 10433 | D:9      | Noticed a two-headed ogre
 10581 | D:9      | Reached XP level 11. HP: 85/85 MP: 12/20
 10750 | D:9      | Noticed a brown ugly thing
 10761 | D:9      | Killed a brown ugly thing
 10790 | D:9      | Noticed Erica
 10801 | D:9      | Killed Erica
 10881 | D:9      | Noticed an orange crystal statue
 11149 | D:9      | Found an ancient bone altar of Kikubaaqudgha.
 11232 | D:9      | Killed a two-headed ogre
 11352 | D:9      | Found a glowing golden altar of the Shining One.
 11354 | D:9      | Reached ** piety under Nemelex Xobeh
 11354 | D:9      | Received a gift from Nemelex Xobeh
 11481 | D:10     | Entered Level 10 of the Dungeon
 12210 | D:10     | Reached skill level 12 in Ice Magic
 12481 | D:10     | Received a gift from Nemelex Xobeh
 13029 | D:11     | Noticed a two-headed ogre
 13035 | D:11     | Killed a two-headed ogre
 13063 | D:11     | Noticed Rhok's ghost (journeyman DrBe)
 13293 | D:8      | Killed wojtek's ghost
 13449 | D:11     | Received a gift from Nemelex Xobeh
 13964 | D:11     | Noticed Harold
 14011 | D:11     | Killed Harold
 14011 | D:11     | Reached skill level 5 in Fighting
 14011 | D:11     | Reached XP level 12. HP: 94/94 MP: 7/22
 14190 | Lair:1   | Entered Level 1 of the Lair of Beasts
 14319 | Lair:1   | Reached *** piety under Nemelex Xobeh
 14603 | Lair:1   | Found the +2 ratskin cloak {+Rats rPois rN+ Str-1 Int-1 Dex+1}
 14630 | Lair:1   | Noticed Grum
 14648 | Lair:1   | Killed Grum
 14815 | Lair:2   | Found a hole to the Spider Nest.
 14880 | Lair:1   | Reached skill level 13 in Ice Magic
 15217 | Lair:2   | Received a gift from Nemelex Xobeh
 15461 | Lair:2   | Noticed a six-headed hydra
 15470 | Lair:2   | Killed a six-headed hydra
 15571 | Lair:2   | Reached **** piety under Nemelex Xobeh
 15863 | Lair:2   | Found a snail-covered altar of Cheibriados.
 16354 | Lair:3   | Received a gift from Nemelex Xobeh
 16649 | Lair:3   | Noticed an eight-headed hydra
 16655 | Lair:3   | Killed an eight-headed hydra
 16954 | Lair:3   | Reached ***** piety under Nemelex Xobeh
 16964 | Lair:3   | Received a gift from Nemelex Xobeh
 16971 | Lair:3   | Noticed a five-headed hydra
 16975 | Lair:3   | Killed a five-headed hydra
 16975 | Lair:3   | Reached skill level 14 in Ice Magic
 17283 | Lair:4   | Noticed a death yak
 17283 | Lair:4   | Noticed a death yak
 17283 | Lair:4   | Noticed a death yak
 17292 | Lair:3   | Killed a death yak
 17626 | Lair:4   | Killed a death yak
 17626 | Lair:4   | Reached XP level 13. HP: 99/102 MP: 7/24
 18771 | Lair:4   | Found a staircase to the Shoals.
 18820 | Lair:4   | Received a gift from Nemelex Xobeh
 18840 | Lair:4   | Found the +2 Maxwell's thermic engine {flame, freeze, rF- rC-}
 19469 | Lair:5   | Received a gift from Nemelex Xobeh
 19589 | Lair:5   | Found a dark tunnel.
 19635 | Volcano  | Entered a volcano
 19995 | Volcano  | Noticed a fire dragon
 20003 | Volcano  | Killed a fire dragon
 20264 | Lair:5   | Reached skill level 10 in Conjurations
 20418 | Lair:5   | Reached skill level 15 in Ice Magic
 21344 | Lair:5   | Received a gift from Nemelex Xobeh
 21745 | Lair:5   | Received a gift from Nemelex Xobeh
 22078 | Lair:5   | Received a gift from Nemelex Xobeh
 22163 | Lair:6   | Entered Level 6 of the Lair of Beasts
 22163 | Lair:6   | Reached ****** piety under Nemelex Xobeh
 22674 | Lair:6   | Reached XP level 14. HP: 110/110 MP: 8/25
 23341 | Lair:6   | Found a runed door.
 23343 | Lair:6   | Found a viscous altar of Jiyva.
 23346 | Lair:6   | Found a staircase to the Slime Pits.
 24086 | Lair:6   | Reached skill level 16 in Ice Magic
 25243 | D:11     | Killed Rhok's ghost
 25304 | D:11     | Received a gift from Nemelex Xobeh
 25923 | D:12     | Found a shattered altar of Ashenzari.
 25927 | D:12     | Saw a vision of the Shoals and the Spider Nest.
 25927 | D:12     | Received a gift from Nemelex Xobeh
 25974 | D:12     | Found Kumav's Armour Boutique.
 25980 | D:12     | Found Nots's Weapon Boutique.
 25980 | D:12     | Found a staircase to the Orcish Mines.
 26502 | D:13     | Received a gift from Nemelex Xobeh
 26825 | D:13     | Received a gift from Nemelex Xobeh
 26858 | D:13     | Reached skill level 1 in Shields
 27123 | D:13     | Reached skill level 10 in Invocations
 27368 | Orc:1    | Entered Level 1 of the Orcish Mines
 28085 | Orc:1    | Received a gift from Nemelex Xobeh
 28582 | Orc:1    | Noticed an orc warlord
 28697 | Orc:1    | Killed an orc warlord
 28898 | Orc:1    | Received a gift from Nemelex Xobeh
 29068 | Orc:2    | Entered Level 2 of the Orcish Mines
 29393 | Orc:2    | Found a staircase to the Elven Halls.
 30209 | Orc:2    | Found a roughly hewn altar of Beogh.
 30221 | Orc:1    | Received a gift from Nemelex Xobeh
 30707 | Orc:2    | Reached XP level 15. HP: 116/118 MP: 4/28
 30934 | Orc:2    | Found Tidd's Antique Armour Shop.
 30934 | Orc:2    | Found Jeyhuod's General Store.
 30940 | Orc:2    | Found Plog's Magic Scroll Shop.
 30940 | Orc:2    | Found Lovimo Gouq's Antique Weapon Shoppe.
 31061 | Orc:2    | Bought a crystal short sword for 248 gold pieces
 31067 | Orc:2    | Identified the +11 short sword of Fate {antimagic, +Blink rPois Int+2 Dex-5} (You bought it in a shop on level 2 of the Orcish Mines)
 31077 | Orc:2    | Bought a scroll of enchant weapon for 75 gold pieces
 31082 | Orc:2    | Bought a cloak for 81 gold pieces
 31658 | D:14     | Received a gift from Nemelex Xobeh
 32215 | D:14     | Received a gift from Nemelex Xobeh
 32934 | D:14     | Found a gate to the Vaults.
 33235 | D:15     | Entered Level 15 of the Dungeon
 33320 | D:15     | Reached skill level 17 in Ice Magic
 34240 | D:15     | Received a gift from Nemelex Xobeh
 34309 | D:15     | Found a blossoming altar of Fedhas.
 35130 | D:15     | Found a staircase to the Depths.
 35273 | D:15     | Received a gift from Nemelex Xobeh
 35628 | Spider:1 | Entered Level 1 of the Spider Nest
 35670 | Lair:2   | HP: 6/121 [poisoned by an emperor scorpion]
 35675 | Lair:2   | HP: 5/121 [poisoned by an emperor scorpion]
 35680 | Lair:2   | HP: 4/121 [poisoned by an emperor scorpion]
 35687 | Lair:2   | HP: 4/121 [poisoned by an emperor scorpion]
 35695 | Lair:2   | HP: 5/121 [poisoned by an emperor scorpion]
 36307 | Spider:1 | Noticed Josephine
 36311 | Spider:1 | Noticed Josephine
 36311 | Spider:1 | Josephine changed into Josephine the dream sheep
 36315 | Spider:1 | Killed Josephine the dream sheep
 36641 | Spider:1 | Received a gift from Nemelex Xobeh
 36969 | Spider:1 | Received a gift from Nemelex Xobeh
 37454 | Spider:1 | Received a gift from Nemelex Xobeh
 38142 | Spider:2 | Noticed Louise
 38483 | Spider:1 | Killed Louise
 38555 | Spider:2 | Noticed Arachne
 38572 | Spider:2 | Killed Arachne
 38946 | Spider:2 | Received a gift from Nemelex Xobeh
 38954 | Spider:2 | Learned a level 2 spell: Swiftness
 39048 | Spider:2 | Reached XP level 16. HP: 128/128 MP: 3/29
 39672 | Spider:3 | Received a gift from Nemelex Xobeh
 40204 | Spider:3 | Found a frozen archway.
 40212 | IceCv    | Entered an ice cave
 41068 | IceCv    | Received a gift from Nemelex Xobeh
 42544 | IceCv    | Noticed an Ice Fiend
 43160 | IceCv    | Killed an Ice Fiend
 43643 | Spider:3 | Identified the +7 long sword of Taxation {drain, rC- Int+10} (You found it on level 3 of the Spider Nest)
 43951 | Spider:3 | Reached skill level 18 in Ice Magic
 45455 | Elf:1    | Entered Level 1 of the Elven Halls
 45621 | Elf:1    | Reached skill level 10 in Spellcasting
 46609 | Elf:1    | Noticed Agnes
 46616 | Elf:1    | Noticed Agnes
 46616 | Elf:1    | Agnes changed into Agnes the shock serpent
 46618 | Elf:1    | Killed Agnes the shock serpent
 48095 | Elf:1    | Found Quorchana's Book Boutique.
 48110 | Elf:1    | Received a gift from Nemelex Xobeh
 48110 | Elf:1    | Received a gift from Nemelex Xobeh
 48112 | Elf:1    | Noticed Asterion
 48119 | Elf:1    | Noticed Azrael
 48124 | Elf:1    | Killed Asterion
 48124 | Elf:1    | Killed Azrael
 48974 | Elf:1    | Reached XP level 17. HP: 136/136 MP: 22/31
 50406 | Elf:2    | Reached skill level 15 in Conjurations
 50599 | Elf:2    | Noticed Roxanne
 51122 | Elf:2    | Received a gift from Nemelex Xobeh
 51215 | Elf:2    | Gained mutation: You are frail. (-10% HP) [a cacodemon]
 51232 | Elf:2    | Mangled by an Executioner

Skill      XL: |  1  2  3  4  5  6  7  8  9 10 11 12 13 14 15 16 17 |
---------------+----------------------------------------------------+-----
Dodging        | 2 3 4 5 6 |  6.1
Ice Magic      | 4 5 6 7 8 10 11 12 14 15 16 17 18 | 18.9
Spellcasting   | 3 4 5 6 7 9 10 | 10.1
Fighting       | 1 2 4 5 6 7 8 |  8.6
Charms         | 1 2 |  2.7
Invocations    | 2 4 5 7 8 9 10 11 12 | 12.4
Conjurations   | 2 4 5 7 9 11 12 13 14 15 | 15.1
Summonings     | 1 2 3 4 |  4.0
Shields        | 1 3 |  3.5
Short Blades   | |  0.2
Stealth        | |  1.7

Action                   |  1- 3 |  4- 6 |  7- 9 | 10-12 | 13-15 | 16-18 || total
-------------------------+-------+-------+-------+-------+-------+-------++-------
Melee: Dagger            |    65 |   234 |   337 |   485 |   210 |       ||  1331
       Tailslap          |     1 |    15 |    31 |    57 |    91 |    42 ||   237
       Headbutt          |       |       |       |    62 |   106 |    52 ||   220
       Demon blade       |       |       |       |       |   405 |   183 ||   588
       Long sword        |       |       |       |       |       |    67 ||    67
 Cast: Freeze            |    16 |    56 |    96 |    17 |     1 |       ||   186
       Ozocubu's Armour  |       |     7 |    10 |    26 |    50 |    19 ||   112
       Throw Icicle      |       |       |     4 |   154 |   525 |   297 ||   980
       Summon Ice Beast  |       |       |    12 |    48 |    33 |     5 ||    98
       Swiftness         |       |       |       |       |       |     1 ||     1
Evoke: Deck              |       |       |     8 |    19 |    76 |    60 ||   163
       Wand              |       |       |       |       |       |     1 ||     1
  Use: Scroll            |     2 |     5 |     8 |    14 |    13 |     9 ||    51
       Potion            |       |       |     4 |     4 |     8 |    13 ||    29
 Stab: Sleeping          |     5 |     1 |     2 |       |     1 |       ||     9
       Distracted        |       |       |       |     2 |     1 |     2 ||     5
  Eat: Chunk             |       |     8 |    19 |    53 |    76 |    17 ||   173
       Ration            |       |     1 |       |     4 |     8 |     7 ||    20
Armor: Skin              |    17 |   111 |   199 |   275 |   535 |   319 ||  1456
Dodge: Dodged            |    69 |   197 |   331 |   500 |   699 |   275 ||  2071
Block: Shield            |       |       |       |       |   192 |   224 ||   416
       Buckler           |       |       |       |       |    34 |       ||    34
       Rpst.: Demon blade |       |       |       |       |   101 |    37 ||   138
       Long sword        |       |       |       |       |       |    22 ||    22
